Map: [ESL] Data-C

Players

Nina - Winner!

  • Race: Protoss Protoss
  • Spawn Location: 9:00

binski

  • Race: Terran Terran
  • Spawn Location: 3:00

Event: DreamHack SC2 Masters 2022 Atlanta (Offline)

VOD

Have the link to the VOD?

Description

Time

  • Played on: Nov. 18, 2022, 2:28 p.m.
  • Length: 16:04

All games in this series

Show
View Real Time Build Order
Export as new Build Order

Nina Protoss - Winner!

Build Orders: 1 Gate Expand, Blink Stalkers 

Get SALT Encoding   

  12  0:02  Probe  
  13  0:15  Probe  
  14  0:22  Pylon  
  14  0:27  Probe  
  15  0:40  Probe, Gateway  
  16  0:47  Assimilator  
  16  0:52  Probe (Chrono Boost)  
  17  1:04  Probe (Chrono Boost)  
  18  1:13  Probe (Chrono Boost)  
  19  1:19  Probe  
  20  1:30  Nexus  
  20  1:38  Cybernetics Core  
  20  1:42  Probe  
  20  1:46  Assimilator  
  21  1:54  Probe  
  22  1:57  Pylon  
  22  2:06  Probe  
  22  2:12  Stalker (Chrono Boost)  
  24  2:16  Warp Gate  
  24  2:18  Probe  
  25  2:30  Probe  
  25  2:35  Stalker  
  28  2:41  Twilight Council  
  28  2:43  Probe (Chrono Boost)  
  30  2:47  Probe (Chrono Boost)  
  30  2:53  Probe (Chrono Boost)  
  30  2:56  Probe (Chrono Boost)  
  30  2:58  Probe (Chrono Boost)  
  32  3:05  Stalker (Chrono Boost)  
  35  3:06  Probe  
  35  3:10  Probe  
  37  3:18  Probe  
  38  3:22  Blink (Chrono Boost)  
  38  3:25  Probe  
  37  3:31  Probe  
  38  3:36  Gateway  
  38  3:37  Probe  
  39  3:43  Probe (Chrono Boost), Gateway  
  40  3:55  Probe x2 (Chrono Boost)  
  42  3:56  Pylon  
  42  4:00  Probe (Chrono Boost)  
  42  4:02  Probe (Chrono Boost)  
  44  4:05  Stalker  
  46  4:11  Pylon  
  46  4:14  Probe x2  
  46  4:15  Robotics Facility  
  46  4:17  Assimilator  
  48  4:26  Probe x2  
  48  4:28  Stalker  
  52  4:31  Stalker  
  54  4:38  Probe, Stalker  
  54  4:45  Nexus, Probe  
  58  4:49  Pylon  
  58  4:53  Stalker  
  58  4:57  Assimilator  
  58  4:59  Stalker  
  62  5:06  Robotics Bay  
  62  5:07  Probe x2  
  62  5:11  Pylon  
  64  5:16  Charge  
  64  5:19  Probe, Pylon  
  66  5:21  Sentry  
  66  5:27  Stalker  
  69  5:29  Stalker  
  69  5:35  Probe  
  72  5:39  Probe  
  72  5:41  Shield Battery  
  73  5:46  Gateway  
  73  5:47  Gateway  
  73  5:50  Probe  
  73  5:52  Gateway  
  73  5:53  Disruptor (Chrono Boost)  
  77  5:57  Sentry  
  77  5:59  Probe  
  77  6:01  Probe  
  80  6:12  Probe x2 (Chrono Boost)  
  80  6:14  Zealot x2  
  84  6:19  Gateway  
  84  6:22  Disruptor (Chrono Boost)  
  89  6:27  Probe (Chrono Boost)  
  89  6:29  Probe (Chrono Boost)  
  89  6:30  Probe (Chrono Boost)  
  89  6:32  Zealot, Probe (Chrono Boost)  
  92  6:35  Pylon  
  92  6:36  Probe  
  95  6:40  Probe  
  95  6:41  Zealot  
  95  6:42  Zealot  
  95  6:44  Sentry  
  95  6:46  Pylon  
  101  6:53  Disruptor (Chrono Boost), Probe x2  
  104  6:54  Probe  
  104  6:57  Zealot  
  104  7:00  Pylon  
  109  7:05  Probe  
  110  7:16  Zealot x2  
  110  7:17  Zealot  
  110  7:19  Pylon  
  110  7:20  Pylon  
  110  7:21  Pylon  
  116  7:24  Pylon  
  116  7:28  Zealot x4  
  121  7:31  Probe x2  
  121  7:33  Assimilator x2  
  105  7:45  Probe  
  105  7:50  Probe x2 (Chrono Boost)  
  108  7:52  Zealot x3  
  108  7:57  Shield Battery  
  108  7:58  Probe (Chrono Boost)  
  115  8:02  Probe x2 (Chrono Boost)  
  117  8:05  Zealot  
  117  8:07  Probe (Chrono Boost)  
  117  8:09  Probe x2 (Chrono Boost)  
  117  8:12  Probe (Chrono Boost)  
  120  8:14  Zealot x3  
  120  8:16  Probe  
  122  8:20  Zealot x2  
  122  8:22  Zealot  
  120  8:29  Zealot  
  112  8:39  Probe  
  112  8:40  Zealot x3  
  112  8:41  Probe  
  109  8:43  Probe  
  106  8:52  Templar Archives  
  106  8:54  Colossus  
  112  8:57  Probe (Chrono Boost)  
  112  9:02  Probe x2 (Chrono Boost)  
  115  9:06  Shield Battery, Sentry  
  118  9:10  Forge, Probe (Chrono Boost)  
  118  9:13  Forge, Probe (Chrono Boost)  
  118  9:14  Probe (Chrono Boost)  
  120  9:19  Probe  
  120  9:21  Pylon  
  121  9:24  Stalker x4  
  121  9:27  Probe  
  130  9:38  High Templar  
  130  9:39  High Templar  
  130  9:41  Pylon  
  130  9:43  Archon  
  132  9:46  Probe  
  132  9:50  Pylon  
  132  9:52  Forge  
  133  9:53  High Templar x4  
  133  9:54  Protoss Ground Weapons Level 1 (Chrono Boost)  
  132  10:03  Zealot  
  132  10:04  Probe  
  132  10:06  Archon  
  133  10:07  Archon  
  133  10:09  Probe  
  133  10:10  Probe  
  133  10:12  Colossus (Chrono Boost)  
  135  10:16  Probe  
  135  10:19  Protoss Ground Armor Level 1 (Chrono Boost)  
  142  10:21  Probe  
  142  10:22  Probe  
  142  10:26  Extended Thermal Lance  
  144  10:28  Probe  
  144  10:33  Probe  
  144  10:34  Probe  
  144  10:35  Pylon  
  147  10:40  Probe  
  148  10:43  Nexus  
  148  10:44  High Templar  
  148  10:45  Probe, High Templar x3  
  148  10:46  Probe  
  158  10:51  Archon x2  
  158  10:54  Shield Battery  
  158  10:56  Observer, Stalker x2  
  161  11:02  Robotics Facility  
  161  11:04  Shield Battery  
  161  11:06  Zealot  
  161  11:10  Gateway  
  163  11:14  Pylon  
  163  11:18  Observer (Chrono Boost)  
  164  11:22  Stalker  
  164  11:24  Photon Cannon  
  164  11:27  Photon Cannon  
  164  11:29  Photon Cannon  
  164  11:31  Colossus (Chrono Boost)  
  164  11:36  Probe x2  
  164  11:38  Photon Cannon  
  170  11:48  Zealot x4  
  170  11:51  Disruptor (Chrono Boost)  
  179  11:59  Observer  
  179  12:05  Zealot x3, Assimilator x2  
  185  12:09  Probe  
  185  12:10  Probe x2, Gateway  
  185  12:13  Observer  
  185  12:14  Observer (Chrono Boost)  
  189  12:18  Observer  
  190  12:31  Zealot x4, Photon Cannon  
  190  12:32  Disruptor (Chrono Boost)  
  190  12:33  Photon Cannon  
  190  12:34  Pylon  
  199  12:41  Observer (Chrono Boost)  
  199  12:43  Protoss Ground Armor Level 2 (Chrono Boost)  
  197  12:51  Gravitic Boosters  
  197  12:52  Protoss Ground Weapons Level 2 (Chrono Boost)  
  197  12:54  Observer (Chrono Boost)  
  198  13:04  Zealot  
  199  13:09  Nexus  
  199  13:12  Pylon  
  197  13:13  Pylon  
  197  13:14  Colossus (Chrono Boost)  
  197  13:22  Pylon  
  197  13:24  Disruptor (Chrono Boost)  
  196  13:28  Probe  
  196  13:29  Probe  
  196  13:33  Nexus  
  200  13:44  Gateway  
  196  13:57  Pylon  
  196  13:58  Zealot x2  
  189  14:10  Probe  
  189  14:13  Zealot x5  
  192  14:22  Stalker x4  
  192  14:23  Probe  
  200  14:29  Photon Cannon  
  200  14:30  Disruptor  
  181  14:33  Photon Cannon x2  
  181  14:37  Disruptor  
  184  14:41  Zealot x3  
  180  14:46  Stalker  
  180  14:47  Stalker x5  
  180  14:50  Probe  
  180  14:51  Probe  
  180  14:52  Probe  
  193  14:54  Shield Battery  
  193  15:06  Disruptor  
  179  15:15  Disruptor  
  179  15:17  Probe  
  173  15:25  Assimilator  
  167  15:29  Assimilator  
  168  15:48  Stalker  
  168  15:49  Stalker x6  
  178  15:52  Stalker x2  
Show
View Real Time Build Order
Export as new Build Order

binski Terran 

Build Orders:  

Get SALT Encoding   

  12  0:00  SCV  
  13  0:12  SCV  
  14  0:17  Supply Depot  
  14  0:24  SCV  
  15  0:39  SCV  
  15  0:40  Barracks  
  16  0:44  Refinery  
  16  0:51  SCV  
  16  0:54  Refinery  
  17  1:03  SCV  
  18  1:15  SCV  
  19  1:25  Supply Depot  
  19  1:27  Reaper  
  19  1:29  Orbital Command  
  20  1:43  Factory  
  20  1:55  SCV  
  20  1:59  Reaper  
  22  2:07  SCV  
  23  2:19  SCV  
  24  2:25  Command Center  
  24  2:27  Hellion  
  26  2:31  Barracks Reactor  
  26  2:34  SCV  
  27  2:43  Starport  
  27  2:46  SCV  
  27  2:49  Widow Mine  
  30  2:56  Supply Depot  
  30  2:58  SCV  
  31  3:17  Marine x2  
  31  3:18  SCV, Widow Mine  
  33  3:30  SCV  
  33  3:32  Starport Tech Lab  
  33  3:35  Barracks, Marine x2  
  33  3:40  Factory Tech Lab  
  35  3:42  SCV  
  36  3:53  Raven, Marine x2  
  36  3:54  SCV  
  41  3:57  Orbital Command  
  41  4:01  Refinery  
  41  4:03  Siege Tank  
  41  4:06  SCV  
  45  4:15  Supply Depot, Marine  
  45  4:16  Marine  
  47  4:22  SCV  
  47  4:23  SCV  
  49  4:28  Barracks  
  49  4:34  SCV  
  49  4:35  SCV  
  51  4:40  Siege Tank  
  54  4:46  SCV  
  54  4:47  SCV, Bunker  
  54  4:49  Starport Tech Lab  
  56  4:54  Supply Depot  
  56  4:56  Stimpack  
  56  4:59  Marauder, Marine  
  59  5:02  SCV x2  
  61  5:07  Supply Depot  
  61  5:14  SCV  
  61  5:17  Starport Reactor  
  61  5:20  Marauder  
  64  5:23  Combat Shield, Marine x2  
  64  5:25  Marauder  
  68  5:29  SCV  
  68  5:33  SCV  
  68  5:34  Supply Depot, Factory Reactor  
  71  5:43  Marauder  
  71  5:46  Supply Depot, Marauder  
  71  5:49  SCV  
  75  5:50  SCV  
  75  5:54  Refinery  
  75  5:55  Marine x2  
  75  5:56  Medivac  
  79  5:59  Medivac  
  79  6:02  SCV  
  79  6:04  SCV  
  83  6:12  Marauder x2  
  83  6:13  Marine x2  
  83  6:15  Supply Depot  
  83  6:18  Widow Mine x2  
  93  6:20  SCV  
  94  6:36  SCV, Medivac x2  
  94  6:37  Supply Depot  
  94  6:38  Marine x2  
  101  6:41  SCV  
  101  6:43  Supply Depot  
  101  6:45  Supply Depot  
  102  6:57  Concussive Shells  
  102  6:59  SCV x2, Marauder x2  
  102  7:01  Supply Depot  
  108  7:02  Marine x2  
  110  7:09  Command Center  
  110  7:11  SCV  
  108  7:19  Medivac x2, Widow Mine x2, Marine  
  108  7:20  SCV, Marine  
  113  7:31  SCV  
  113  7:32  SCV  
  115  7:39  Marauder, Marine  
  118  7:47  Marauder, Marine  
  119  7:54  SCV x2  
  119  7:57  Marine  
  122  8:01  Marauder  
  122  8:02  Medivac x2, Widow Mine  
  122  8:03  Widow Mine  
  122  8:05  Marine  
  133  8:06  Barracks  
  133  8:07  SCV  
  133  8:08  Barracks  
  133  8:11  Marauder  
  133  8:13  SCV  
  133  8:19  Marine  
  133  8:22  Marauder  
  130  8:27  SCV  
  130  8:28  SCV  
  130  8:32  Marine  
  130  8:33  Marauder  
  113  8:42  SCV, Orbital Command  
  113  8:43  SCV  
  113  8:44  Marauder, Marine  
  116  8:52  Marine  
  116  8:53  Medivac x2, Widow Mine  
  116  8:54  Marauder  
  116  8:55  Barracks Reactor, SCV x2  
  123  9:01  Marauder  
  123  9:02  Marine  
  125  9:05  Marauder  
  125  9:07  SCV  
  125  9:08  SCV  
  125  9:09  Engineering Bay  
  130  9:11  Engineering Bay  
  128  9:25  Marauder x2, Marine  
  128  9:26  Marine  
  128  9:29  Ghost Academy  
  134  9:32  SCV x3, Refinery x2  
  134  9:33  Bunker  
  134  9:37  Supply Depot  
  137  9:43  Marauder, Marine x2  
  137  9:44  SCV x3  
  137  9:45  Terran Infantry Armor Level 1, Terran Infantry Weapons Level 1  
  144  9:47  Marauder  
  144  9:48  Supply Depot  
  146  9:56  SCV x2  
  146  9:57  SCV  
  148  10:06  Marauder x2, Marine x2  
  138  10:08  SCV  
  137  10:15  Viking x2  
  137  10:17  Enhanced Shockwaves  
  137  10:18  Supply Depot  
  137  10:19  Armory  
  137  10:20  Starport  
  143  10:24  Supply Depot  
  143  10:26  Supply Depot  
  143  10:40  Marauder  
  143  10:41  Ghost x2  
  147  10:42  Marine  
  147  10:44  Marine  
  147  10:45  Viking x2, Marine  
  154  10:51  Factory Reactor  
  154  10:56  Command Center  
  154  11:01  Ghost  
  156  11:05  Fusion Core  
  156  11:06  Terran Ship Weapons Level 1  
  156  11:10  Marauder x2  
  159  11:19  Marine  
  160  11:27  Marine x2  
  160  11:30  Marauder  
  160  11:32  Marauder, Ghost  
  166  11:33  Marine  
  166  11:34  Viking  
  166  11:36  Viking x2, Marine  
  166  11:39  Viking  
  176  11:45  Marine  
  176  11:46  Marine  
  178  11:51  Marauder  
  178  11:52  Terran Infantry Weapons Level 2  
  178  11:53  Terran Infantry Armor Level 2  
  180  11:56  Marine x2  
  181  12:07  Viking  
  183  12:11  Marauder, Marine  
  183  12:12  Refinery x2  
  186  12:21  Missile Turret  
  186  12:25  Missile Turret  
  186  12:27  Marine x3  
  186  12:28  Missile Turret, Marauder  
  191  12:32  Planetary Fortress  
  189  12:49  Marauder x2, Marine  
  189  12:50  Marine x3  
  197  13:03  Command Center  
  197  13:17  Ghost  
  197  13:18  Marauder x2, Marine x2  
  197  13:19  Liberator x2  
  199  13:20  Terran Ship Weapons Level 2  
  186  14:09  Marauder x2  
  166  14:10  Marauder  
  164  14:21  Marine x2  
  154  14:25  Marine  
  154  14:27  Marine  
  154  14:28  Medivac x2, Widow Mine x2  
  154  14:29  Liberator x2  
  154  14:30  Ghost  
  154  14:31  Marauder x2  
  166  14:38  Marine  
  166  14:39  Marine  
  166  14:44  Marine x2  
  160  14:47  Barracks  
  160  14:50  Barracks  
  160  14:51  Ghost  
  160  14:52  Barracks, Marauder  
  154  14:56  Marine x2  
  154  14:58  Liberator x2  
  154  14:59  Marauder  
  152  15:02  Marine x2  
  145  15:12  Liberator x2  
  145  15:14  Marauder, Marine x2  
  125  15:18  Widow Mine x2  
  125  15:20  Marine x2  
  125  15:21  Marauder x2  
  108  15:32  Marine x2  
  108  15:35  Marauder  
  112  15:38  Marine  
  112  15:39  Hellion  
  112  15:42  Marauder x2  
  108  15:54  Barracks Tech Lab  
Tags
 
Add a new tag
Caveats
  • Supply blocks, unpowered buildings, or Contaminate may cause inaccurate times.
  • Supply counts are checked every 10 seconds.